 Dungeon Crawl Stone Soup version 0.27-a0-1359-ga2a4dfd6fd (webtiles) character file.

Game seed: 8680987468388876288

60 senseless the Ruffian (level 3, 0/29 HPs)
             Began as a Draconian Transmuter on June 28, 2021.
             Slain by Jessica (1 damage)
             ... on level 2 of the Dungeon.
             The game lasted 00:04:13 (1197 turns).

senseless the Ruffian (Draconian Transmuter)        Turns: 1197, Time: 00:04:13

Health: 0/29       AC:  5    Str: 11 (12) XL:     3   Next: 80%
Magic:  5/6        EV: 12    Int: 12 (14) God:
Gold:   47         SH:  0    Dex:  8 (11) Spells: 5/6 levels left

rFire    . . .     SeeInvis .     - Unarmed
rCold    . . .     Faith    .   (no shield)
rNeg     . . .     Spirit   .   (armour unavailable)
rPois    .         Reflect  .   (helmet currently unavailable)
rElec    .         Harm     .   (no cloak)
rCorr    .         Rampage  .   (no gloves)
Will     .....                  (boots currently unavailable)
Stlth    +.........             (no amulet)
HPRegen  0.09/turn              (no ring)
MPRegen  0.10/turn              (no ring)

@: appendages, hasted, very quick
A: horns 2, talons 2, AC +5, unfitting armour, cold-blooded
a: End Transformation


You were on level 2 of the Dungeon.
You had temporarily grown beastly horns and talons.
You visited 1 branch of the dungeon, and saw 2 of its levels.

You collected 47 gold pieces.

Inventory:

Jewellery
 e - an amulet of the acrobat
Scrolls
 d - a scroll of teleportation {unknown}
Potions
 c - 2 potions of flight


   Skills:
 + Level 2.0 Fighting
 + Level 2.2 Dodging
 + Level 3.4 Unarmed Combat
 + Level 2.4 Spellcasting
 + Level 2.5 Transmutations


You had 5 spell levels left.
You knew the following spells:

 Your Spells              Type           Power      Damage    Failure   Level
a - Beastly Appendage     Tmut           14%        N/A       10%         1

Your spell library contained the following spells:

 Spells                   Type           Power      Damage    Failure   Level
 Wereblood                Tmut           7%         N/A       14%         2
 Spider Form              Tmut/Pois      2%         N/A       43%         3
 Ice Form                 Ice/Tmut       4%         N/A       83%         4


Dungeon Overview and Level Annotations

Branches:
Dungeon (2/15)

Altars:

Shops:
D:1 *

Annotations:
D:2 Jessica


Innate Abilities, Weirdness & Mutations

You have temporarily grown beastly horns and talons.
Your plain brown scales are hard. (AC +5)
You cannot fit into any form of body armour.
You are cold-blooded and may be slowed by cold attacks.


Message History

You hit Jessica but do no damage. Jessica hits you with a +0 club.
You barely miss Jessica. Your kick misses Jessica. Jessica barely misses you.
You barely miss Jessica.
You tail-slap Jessica, but do no damage.
Jessica hits you but does no damage.
You hit Jessica.
Jessica is heavily wounded.
Jessica points at you and mumbles some strange words.
Pain shoots through your body!
* * * LOW HITPOINT WARNING * * *
You are too injured to fight recklessly!
You hit Jessica. Your kick misses Jessica.
Jessica is severely wounded.
Jessica drinks a potion.
Jessica is healed!
You barely miss Jessica. Your kick misses Jessica. Jessica misses you.
You hit Jessica.
Jessica is lightly wounded.
You barely miss Jessica. Your headbutt misses Jessica.
Your tail-slap misses Jessica.
Jessica is lightly wounded.
Jessica completely misses you.
You barely miss Jessica. You claw Jessica, but do no damage.
Your headbutt misses Jessica.
Jessica is lightly wounded.
Your horns disappear.
Your talons disappear.
Jessica hits you with a +0 club.
* * * LOW HITPOINT WARNING * * *
It was a potion of degeneration.
There was something very wrong with that liquid.
You feel weakened.
You feel dopey.
You feel clumsy. Jessica misses you.
It was a potion of haste.
You feel yourself speed up. Jessica hits you with a +0 club.
* * * LOW HITPOINT WARNING * * *
You are too injured to fight recklessly!
Casting: Beastly Appendage (safe; 10% risk of failure)
Confirm with . or Enter, or press ? or * to list all spells.
You grow a pair of large bovine horns.
Your feet morph into talons.
Jessica hits you with a +0 club.
You die...

#. ##.# #.###..#
####### ..##.##
####..#... .#
#.##.# #.....#...
..
#.#..####.###.....
#. #...##....#
##....
#.##.##......####
#.###
#........##### #.#
# ##..#.@.# #.# #
## #@.....# #.. #
.........# ###.#
#..........# #..
#........... #..#
..#......... ..
...#.........
....#......... # #


You could see Jessica.

Vanquished Creatures
  An adder (D:2)
  2 dart slugs
  5 endoplasms
  A giant cockroach (D:2)
  3 goblins
  2 hobgoblins
  12 jackals (D:1)
  7 bats
  A frilled lizard (D:1)
  2 kobolds (D:1)
  5 rats (D:1)
41 creatures vanquished.

Vanquished Creatures (others)
  9 plants (D:1)
9 creatures vanquished.

Grand Total: 50 creatures vanquished

Notes
Turn   | Place    | Note
-------+----------+-------------------------------------------
     0 | D:1      | senseless the Draconian Transmuter began the quest for the
                  | Orb.
     0 | D:1      | Reached XP level 1. HP: 16/16 MP: 3/3
    54 | D:1      | Reached XP level 2. HP: 18/23 MP: 3/5
   417 | D:1      | Reached XP level 3. HP: 29/29 MP: 4/6
   478 | D:1      | Found a faded altar of an unknown god.
   583 | D:1      | Found Wyoguyl's Assorted Antiques.
  1182 | D:2      | Noticed Jessica
  1194 | D:2      | HP: 1/29 [Jessica (5)]
  1197 | D:2      | Slain by Jessica

Illustrated notes

Levels and vault maps discovered:
D:1:      minmay_arrival_radiant_lines, layout_rooms, serial_shops,
          nicolae_shop_behind_doors, hellmonk_ecumenical_altar_leap_of_faith,
          serial_bayou_lagoon_a, minmay_misc_feat_columns
D:2:      layout_rooms, uniq_jessica

Skill      XL: |  1  2  3 |
---------------+----------+-----
Dodging        | 2 |  2.2
Fighting       | 2 |  2.0
Unarmed Combat | |  3.4
Spellcasting   | |  2.4
Transmutations | |  2.5

Action                   || total
-------------------------++-------
Melee: Unarmed           ||   105
       Tailslap          ||     9
       Kick              ||    21
       Headbutt          ||    11
       Punch             ||     2
 Cast: Beastly Appendage ||    26
  Use: Scroll            ||     2
       Potion            ||     2
Armor: Skin              ||    39
Dodge: Dodged            ||    69

Table legend: (Time is in decaauts)
 A = Elapsed time spent in this place.
 B = Non-inter-level travel time spent in this place.
 C = Inter-level travel time spent in this place.
 D = Time resting spent in this place.
 E = Time spent auto-exploring this place.
 F = Levels seen in this place.
 G = Mean time per level.
                   A        B        C        D        E       F      G
               +--------+--------+--------+--------+--------+-----+--------+
         Total |   1196 |   1164 |     32 |      0 |    936 |   2 |  598.0 |
       Dungeon |   1196 |   1164 |     32 |      0 |    936 |   2 |  598.0 |
               +--------+--------+--------+--------+--------+-----+--------+

Top non-repeatable levels by time:
     D:1: 886 daAuts
     D:2: 310 daAuts
